 Dungeon Crawl Stone Soup version 0.19-a0-944-gb338e1e (webtiles) character file.

2163 Implojin the Cleaver (level 9, -6/82 HPs)
             Began as a Minotaur Fighter on July 9, 2016.
             Was a Believer of Okawaru.
             Mangled by a wolf (7 damage)
             ... on level 2 of the Lair of Beasts.
             The game lasted 00:09:09 (1218 turns).

Implojin the Cleaver (Minotaur Fighter)             Turns: 1218, Time: 00:09:09

Health: -6/82      AC: 11    Str: 21    XL:     9   Next: 10%
Magic:  15/17      EV:  9    Int:  5    God:    Okawaru [**....]
Gold:   57         SH: 11    Dex: 13    Spells: 0 memorised, 8 levels left

rFire  . . .     SeeInvis .     a - +0 war axe
rCold  . . .     Gourm    .     o - +0 chain mail
rNeg   . . .     Faith    .     c - +0 shield
rPois  .         Spirit   .     (helmet restricted)
rElec  .         Dismiss  .     (no cloak)
rCorr  .         Reflect  .     (no gloves)
SustAt .         Harm     .     (no boots)
MR     .....                    (no amulet)
Stlth  ..........               z - +2 ring of slaying
                                k - ring of magical power

@: lethally poisoned (-6 -> -7), heroism, not resistant to hostile enchantments,
extremely unstealthy
A: retaliatory headbutt, horns 2
a: Heroism, Renounce Religion


You were on level 2 of the Lair of Beasts.
You worshipped Okawaru.
Okawaru was pleased with you.
You were not hungry.

You visited 2 branches of the dungeon, and saw 12 of its levels.

You collected 57 gold pieces.

Inventory:

Hand Weapons
 a - a +0 war axe (weapon)
 u - a +0 flail
Armour
 b - a +0 scale mail
 c - a +0 shield (worn)
 g - a +1 robe
 o - a +0 chain mail (worn)
Magical Staves
 w - an uncursed staff of fire {unknown}
Jewellery
 k - a ring of magical power (left hand)
 z - a +2 ring of slaying (right hand)
Wands
 e - a wand of teleportation (3/9)
 t - a wand of enslavement (13/24)
 x - a wand of iceblast (8/15)
Scrolls
 h - 6 scrolls of remove curse
 j - a scroll of random uselessness {unknown}
 y - 2 scrolls of enchant armour {unknown}
Potions
 d - a potion of cancellation {unknown}
 i - a potion of brilliance
 p - a potion of flight {unknown}
 r - a potion of curing
 v - a potion of degeneration {unknown}
 A - a potion of cure mutation {unknown}
Books
 m - a book of Unlife

   Spells                             Type                      Level
   a - Recall                         Summoning/Translocation      3
   b - Animate Dead                   Necromancy                   4
   c - Control Undead                 Necromancy                   4
   d - Cigotuvi's Embrace             Necromancy                   5
   e - Death Channel                  Necromancy                   6
   f - Simulacrum                     Ice/Necromancy               6
 q - a book of Geomancy

   Spells                             Type                      Level
   a - Sandblast                      Earth                        1
   b - Passwall                       Transmutation/Earth          2
   c - Stone Arrow                    Conjuration/Earth            3
   d - Petrify                        Transmutation/Earth          4
   e - Lee's Rapid Deconstruction     Earth                        5
Comestibles
 f - a bread ration
 l - a slice of pizza
 n - 3 meat rations


   Skills:
 * Level 8.7(13.7) Fighting
 - Level 12.0(17.0) Axes
 - Level 3.6(8.6) Armour
 - Level 3.6(8.6) Shields


You had 8 spell levels left.
You didn't know any spells.

Dungeon Overview and Level Annotations

Branches:
Dungeon (10/15)              Lair (2/6) D:9
 Temple: D:4-7        Swamp: Lair:2-4    Shoals: Lair:2-4     Snake: Lair:2-4
 Spider: Lair:2-4       Orc: D:9-12

Altars:
Cheibriados
Fedhas
Kikubaaqudgha
Makhleb
Okawaru
Pakellas
Zin


Innate Abilities, Weirdness & Mutations

You reflexively headbutt those who attack you in melee.
You have a pair of horns on your head.


Message History

Unknown command.
You hit the killer bee.
The killer bee is lightly wounded.
You closely miss the wolf. You block the killer bee's attack.
The wolf bites you!
* * * LOW HITPOINT WARNING * * *
A wolf comes into view.
Unknown command.
You feel better.
The wolf howls!
You block the killer bee's attack. You block the wolf's attack.
The killer bee stings you but does no damage.
The wolf bites you but does no damage.
Unknown command.
Unknown command.
You closely miss the killer bee. Your headbutt misses the killer bee.
You hit the wolf but do no damage. The killer bee stings you.
* * * LOW HITPOINT WARNING * * *
You are poisoned.
The killer bee poisons you! The wolf closely misses you.
You block the killer bee's attack.
Unknown command.
You hit the killer bee.
The killer bee is lightly wounded.
You closely miss the wolf.
You feel sick. You block the wolf's attack. You block the killer bee's attack.
Unknown command.
You hit the killer bee but do no damage.
The killer bee is lightly wounded.
You closely miss the wolf.
The killer bee stings you but does no damage.
You block the killer bee's attack. The wolf bites you but does no damage.
Unknown command.
Your shield and chain mail prevent you from hitting the killer bee.
The killer bee is lightly wounded.
You hit the wolf. You slash the wolf!
You feel sick. The wolf bites you.
* * * LOW HITPOINT WARNING * * *
The killer bee stings you but does no damage.
The wolf bites you!
You die...

.. .......
... ##....#.P
..####......#
...P.......#
##.......<##
.#.......$#.
#.#.........
#.#.@h...P..
#..yh......
#.....##.#.
#.#...#..#
#.#..#.##.#
.#...#.# .#
.# #...#. .
%# ....#.# ##
...#.


You could see 2 wolves and a killer bee.

Vanquished Creatures
  A spiny frog (Lair:1)
  2 yaks
  2 water moccasins (Lair:1)
  2 ice beasts
  An ogre (D:6)
  A crocodile (Lair:1)
  A big kobold (D:6)
  3 giant frogs
  A water moccasin zombie (D:8)
  A wyvern zombie (D:7)
  A scorpion (D:5)
  Dowan (D:6)
  5 killer bees (D:9)
  A quasit (D:9)
  A hound (D:4)
  3 orc wizards (D:6)
  Jessica (D:3)
  2 iguanas
  Natasha (twice) (D:3)
  A hound zombie (D:8)
  A hound skeleton (D:4)
  4 adders
  A river rat (D:9)
  An adder skeleton (D:4)
  A worm (D:3)
  5 orcs
  4 giant cockroaches
  3 goblins (D:3)
  A hobgoblin (D:1)
  3 jackals (D:8)
  4 kobolds
  2 ball pythons
  7 bats
  5 rats (D:9)
  3 fungi (D:9)
78 creatures vanquished.

Vanquished Creatures (others)
  9 fungi (D:9)
  A plant (D:9)
10 creatures vanquished.

Grand Total: 88 creatures vanquished

Notes
Turn   | Place    | Note
-------+----------+-------------------------------------------
     0 | D:1      | Implojin the Minotaur Fighter began the quest for the Orb.
     0 | D:1      | Reached XP level 1. HP: 19/19 MP: 0/0
    90 | D:2      | Found a glowing silver altar of Zin.
    97 | D:3      | Reached skill level 3 in Axes
    97 | D:3      | Reached XP level 2. HP: 25/26 MP: 1/1
   101 | D:3      | Reached skill level 4 in Axes
   128 | D:3      | Found a blossoming altar of Fedhas.
   140 | D:3      | Reached XP level 3. HP: 26/31 MP: 2/2
   144 | D:3      | Noticed Jessica
   145 | D:3      | Noticed Natasha
   146 | D:3      | Killed Natasha
   146 | D:3      | Reached skill level 5 in Axes
   149 | D:3      | Killed Jessica
   149 | D:3      | Reached XP level 4. HP: 34/39 MP: 3/3
   152 | D:3      | Noticed Natasha
   161 | D:3      | Killed Natasha
   223 | D:4      | Reached skill level 6 in Axes
   223 | D:4      | Reached XP level 5. HP: 44/45 MP: 4/4
   233 | D:5      | Entered Level 5 of the Dungeon
   362 | D:4      | Noticed a phantom
   378 | D:4      | Found an ancient bone altar of Kikubaaqudgha.
   378 | D:4      | Found an iron altar of Okawaru.
   379 | D:4      | Found an oddly glowing altar of Pakellas.
   384 | D:4      | Became a worshipper of Warmaster Okawaru
   464 | D:5      | Reached skill level 7 in Axes
   490 | D:6      | Noticed an ogre
   505 | D:6      | Killed an ogre
   505 | D:6      | Reached XP level 6. HP: 51/51 MP: 5/5
   512 | D:6      | Reached skill level 8 in Axes
   538 | D:6      | Reached * piety under Okawaru
   543 | D:6      | Noticed Dowan
   550 | D:6      | Killed Dowan
   550 | D:6      | Reached skill level 9 in Axes
   550 | D:6      | Reached XP level 7. HP: 36/57 MP: 6/6
   579 | D:6      | Found a burning altar of Makhleb.
   655 | D:6      | Found a snail-covered altar of Cheibriados.
   704 | D:8      | Reached skill level 10 in Axes
   938 | D:9      | Noticed a troll
   967 | D:10     | Entered Level 10 of the Dungeon
  1014 | D:9      | Reached skill level 11 in Axes
  1015 | D:9      | Found a staircase to the Lair.
  1019 | D:9      | Noticed a yak
  1036 | D:9      | Killed a yak
  1036 | D:9      | Reached XP level 8. HP: 56/64 MP: 7/7
  1070 | D:9      | Reached skill level 12 in Axes
  1101 | D:9      | Reached skill level 4 in Fighting
  1106 | Lair:1   | Entered Level 1 of the Lair of Beasts
  1114 | Lair:1   | Reached skill level 5 in Fighting
  1122 | Lair:1   | Noticed a spiny frog
  1125 | Lair:1   | Reached ** piety under Okawaru
  1130 | Lair:1   | Killed a spiny frog
  1130 | Lair:1   | Reached skill level 7 in Fighting
  1176 | Lair:1   | Reached skill level 8 in Fighting
  1180 | Lair:1   | Reached XP level 9. HP: 32/81 MP: 8/8
  1218 | Lair:2   | HP: 1/82 [wolf (6)]
  1218 | Lair:2   | Mangled by a wolf

Vault maps used:
D:1:      saegor_arrival_simple_e, item_on_display_a
D:2:      minmay_door_path, zin_academy, nicolae_overflow_crystal_walls,
          uniq_robin, uniq_sigmund
D:3:      old_standard_altar, uniq_iyjb, uniq_natasha, uniq_jessica
D:4:      gammafunk_temple_overflow_forgotten, kennysheep_generic_room_9
D:5:      lemuel_round_altar, tso_altar, first_bread, basic_altar
D:6:      nicolae_overflow_hidden_temple, bloody_makhleb, uniq_edmund,
          uniq_duvessa
D:7:      old_standard_altar, the_bakery, minivault_1, uniq_joseph
D:9:      due_lair_maze_entry_diamond, uniq_erica
D:10:     minmay_wavy_crystal, hiddenorc1_lemuel
Lair:1:   grunt_forest_stairs_basic, serial_bayou_shore_b, serial_bayou_shore_b,
          lemuel_fruit_tree
Lair:2:   regret_index_bee_streams, minmay_swamp_entry_reptiles

Skill      XL: |  1  2  3  4  5  6  7  8 |
---------------+-------------------------+-----
Axes           | 3 4 5 6 7 9 11 12 | 12.0
Fighting       | 8 |  8.7
Armour         | |  3.6
Shields        | |  3.6

Action                   |  1- 3 |  4- 6 |  7- 9 || total
-------------------------+-------+-------+-------++-------
Melee: War axe           |    20 |    70 |   132 ||   222
       Headbutt          |     2 |    14 |    26 ||    42
Invok: Heroism           |       |     1 |    13 ||    14
  Use: Potion            |     1 |     2 |     2 ||     5
       Scroll            |       |     4 |     2 ||     6
  Eat: Chunk             |       |       |     2 ||     2
Armor: Scale mail        |    10 |    22 |       ||    32
       Chain mail        |       |    36 |    65 ||   101
Dodge: Dodged            |     8 |    25 |    29 ||    62
Block: Shield            |    15 |    42 |    82 ||   139

Table legend:
 A = Turns spent in this place as a percentage of turns spent in the entire game.
 B = Non-inter-level travel turns spent in this place as a percentage of non-inter-level travel turns spent in the entire game.
 C = Inter-level travel turns spent in this place as a percentage of turns spent in this place.
 D = Turns resting spent in this place as a percentage of non-inter-level travel turns spent in this place.
 E = Turns spent auto-exploring this place as a percentage of non-inter-level travel turns spent in this place.
 F = Non-inter-level travel turns spent in this place divided by the number of levels of this place that you've seen.
                   A       B       C       D       E      F
               +-------+-------+-------+-------+-------+----------------------
         Total | 100.0 | 100.0 |   0.0 |   0.0 |   0.0 | 106.9
       Dungeon |  90.3 |  90.3 |   0.0 |   0.0 |   0.0 | 115.8
          Lair |   9.7 |   9.7 |   0.0 |   0.0 |   0.0 |  62.5
               +-------+-------+-------+-------+-------+----------------------

Table legend:
 A = Kills in this place as a percentage of kills in entire the game.
 B = Kills by you in this place as a percentage of kills by you in the entire game.
 C = Kills by friends in this place as a percentage of kills by friends in the entire game.
 D = Other kills in this place as a percentage of other kills in the entire game.
 E = Experience gained in this place as a percentage of experience gained in the entire game.
 F = Experience gained in this place divided by the number of levels of this place that you have seen.
                   A       B       C       D       E      F
               +-------+-------+-------+-------+-------+----------------------
         Total | 100.0 | 100.0 |  -nan |  -nan | 100.0 | 257.5
       Dungeon |  89.3 |  89.3 |  -nan |  -nan |  61.3 | 189.4
          Lair |  10.7 |  10.7 |  -nan |  -nan |  38.7 | 598.0
               +-------+-------+-------+-------+-------+----------------------
